 Dungeon Crawl Stone Soup version 0.22.1-1-ga44c0e5 (webtiles) character file.

63 Velaskes the Skirmisher (level 3, -2/30 HPs)
             Began as a Demonspawn Abyssal Knight on Oct 30, 2018.
             Was a Believer of Lugonu.
             Slain by Natasha (6 damage)
             ... on level 2 of the Dungeon.
             The game lasted 00:07:48 (1495 turns).

Velaskes the Skirmisher (Demonspawn Abyssal Knight) Turns: 1495, Time: 00:07:49

Health: -2/30      AC:  2    Str: 13    XL:     3   Next: 89%
Magic:  4/4        EV: 12    Int: 13    God:    Lugonu [**....]
Gold:   49         SH:  0    Dex: 12    Spells: 2/2 levels left

rFire    . . .     SeeInvis .   a - +1 mace
rCold    . . .     Gourm    .   (no shield)
rNeg     . . .     Faith    .   (no armour)
rPois    .         Spirit   .   (helmet restricted)
rElec    .         Reflect  .   (no cloak)
rCorr    .         Harm     .   (no gloves)
MR       .....                  (no boots)
Stlth    +.........             (no amulet)
HPRegen  0.10/turn              (no ring)
MPRegen  0.09/turn              (no ring)

@: no status effects
A: antennae 1, slimy green scales 1
a: Depart the Abyss, Bend Space, Renounce Religion


You were on level 2 of the Dungeon.
You worshipped Lugonu.
Lugonu was pleased with you.
You were not hungry.

You visited 1 branch of the dungeon, and saw 2 of its levels.
You visited the Abyss 1 time.

You collected 49 gold pieces.

Inventory:

Hand Weapons
 a - a +1 mace (weapon)
Armour
 b - a +0 leather armour
 j - a cursed +0 scale mail
Scrolls
 e - a scroll of immolation {unknown}
 f - a scroll of identify {unknown}
 g - a scroll of fear {unknown}
 h - 2 scrolls of amnesia {unknown}
 i - a scroll of teleportation {unknown}
Comestibles
 c - 4 rations
 k - 2 chunks of flesh


   Skills:
 + Level 3.8 Fighting
 + Level 2.3 Maces & Flails
 + Level 2.3 Armour
 + Level 1.4 Dodging
 + Level 2.5 Invocations


You had 2 spell levels left.
You didn't know any spells.
Your spell library was empty.

Dungeon Overview and Level Annotations

Branches:
Dungeon (2/15)

Altars:

Annotations:
D:2 Natasha


Innate Abilities, Weirdness & Mutations

You have a pair of small antennae on your head.
You are partially covered in slimy green scales. (AC +2)


Message History

You completely miss the adder.
The adder is almost dead.
The adder bites you. The adder bites you but does no damage.
You miss the adder.
The adder is almost dead.
The adder closely misses you.
You sock the adder!
You kill the adder!
Lugonu accepts your kill. Natasha claws you.
* * * LOW HITPOINT WARNING * * *
You hit Natasha.
Natasha is moderately wounded.
Natasha claws you.
* * * LOW HITPOINT WARNING * * *
You hit Natasha.
Natasha is heavily wounded.
Natasha closely misses you. Natasha claws you.
You die...

#.##.# .# #.##.#####.##
#.#............ ###
#....(......... ..#
######...###.##..# #.#
#...##.....#.# .## #.#
####.#)##.....#.# ..
..###.##.#........#.# .#
#.##......###...@h#.###.##.##
#.###.##..........55.†.)....#
#.# #.##.####..####.###..#..#
#.# #.##.# #..# #.# ..... #.#
#....# ##..####.. ....... ..#
#.#### #.......... .......
#.###.######.....##########...
#................# ...
#####.######.....# ..


You could see an iron imp, Natasha and a white imp.

Vanquished Creatures
  An adder (D:2)
  An ooze (D:2)
  3 dart slugs (D:1)
  2 leopard geckos
  A ball python (D:2)
  5 bats (D:1)
  A giant cockroach (D:1)
  6 goblins (D:1)
  2 hobgoblins
  7 jackals
  3 kobolds
  4 frilled lizards (D:1)
  2 rats (D:1)
38 creatures vanquished.

Notes
Turn   | Place    | Note
-------+----------+-------------------------------------------
     0 | Abyss:1  | Velaskes the Demonspawn Abyssal Knight began the quest for
                  | the Orb.
     0 | Abyss:1  | Reached XP level 1. HP: 18/18 MP: 2/2
    17 | D:1      | Escaped the Abyss
    76 | D:1      | Gained mutation: You are partially covered in slimy green
                  | scales. (AC +2) [demonic ancestry]
    76 | D:1      | Reached XP level 2. HP: 18/24 MP: 3/3
   171 | D:1      | Reached skill level 1 in Dodging
   580 | D:1      | Reached ** piety under Lugonu
   718 | D:1      | Gained mutation: You have a pair of small antennae on your
                  | head. [demonic ancestry]
   718 | D:1      | Reached XP level 3. HP: 28/30 MP: 4/4
  1474 | D:2      | Noticed Natasha
  1495 | D:2      | Slain by Natasha

Skill      XL: |  1  2 |
---------------+-------+-----
Armour         | 2 |  2.3
Dodging        | 1 |  1.4
Maces & Flails | 2 |  2.3
Fighting       | |  3.8
Invocations    | |  2.5

Action                   || total
-------------------------++-------
Melee: Mace              ||   125
  Use: Scroll            ||     1
       Potion            ||     1
  Eat: Ration            ||     1
       Chunk             ||     1
Armor: Leather armour    ||    58
       Skin              ||     2
Dodge: Dodged            ||   116
